 Dungeon Crawl Stone Soup version 0.26-a0-639-g72c4674329 (webtiles) character file.

Game seed: 16886072782275133003

4 Colgate the Sneak (level 1, 11/11 HPs)
             Began as a Spriggan Delver on Sept 15, 2020.
             Was an Initiate of Wu Jian.
             Quit the game on level 1 of the Dungeon.
             The game lasted 00:07:16 (637 turns).

Colgate the Sneak (Spriggan Delver)                  Turns: 637, Time: 00:07:17

Health: 11/11      AC:  2    Str:  8    XL:     1   Next: 58%
Magic:  2/2        EV: 18    Int: 11    God:    Wu Jian [......]
Gold:   53         SH:  0    Dex: 17    Spells: 0/0 levels left

rFire    . . .     SeeInvis +   l - -3 dagger (curse)
rCold    . . .     Faith    .   (shield restricted)
rNeg     . . .     Spirit   .   b - +0 robe
rPois    .         Reflect  .   (helmet restricted)
rElec    .         Harm     .   (no cloak)
rCorr    .         Rampage  .   (gloves unavailable)
MR       .....                  (boots unavailable)
Stlth    ++++......             (no amulet)
HPRegen  0.03/turn              (no ring)
MPRegen  0.08/turn              (no ring)

@: very quick
A: very small, unfitting armour, see invisible, speed 3
a: Renounce Religion


You were on level 1 of the Dungeon.
You worshipped Wu Jian.
Wu Jian was noncommittal.
You visited 2 branches of the dungeon, and saw 6 of its levels.

You collected 53 gold pieces.

Inventory:

Hand Weapons
 a - a +0 short sword
 l - a cursed -3 dagger (weapon)
Armour
 b - a +0 robe (worn)
Wands
 g - a wand of digging (3)
Scrolls
 c - a scroll of fog
 d - a scroll of magic mapping
 e - 3 scrolls of fear
 h - 2 scrolls of blinking {unknown}
 i - a scroll of noise {unknown}
 j - 2 scrolls of identify {unknown}
Potions
 f - a potion of haste
 k - 2 potions of resistance {unknown}


   Skills:
 - Level 2.4 Fighting
 - Level 2.1 Short Blades
 - Level 3.0 Dodging
 + Level 7.6 Stealth


You couldn't memorise any spells.
You didn't know any spells.
Your spell library was empty.

Dungeon Overview and Level Annotations

Branches:
Dungeon (5/15)             Temple (1/1) D:5

Altars:
Dithmenos
Gozag
Hepliaklqana
Makhleb
Nemelex Xobeh
Qazlal
Sif Muna
Trog
Vehumet
Wu Jian
Xom
Yredelemnul
The Shining One


Innate Abilities, Weirdness & Mutations

You are very small and have problems with some larger weapons.
You are too small for most types of armour.
You have supernaturally acute eyesight. (SInv)
You cover ground extremely quickly.


Message History

The kobold misses you.
You lunge at the kobold, but your attack speed is too slow for a blow to land.
The kobold closely misses you.
Found 5 gold pieces.
You lunge at the kobold.
You hit the kobold.
You kill the kobold!
The Council accepts your kill.
You see here a +0 short sword.
A bat comes into view.
Found a stone staircase leading up.
You see here a scroll labeled TOPRUR TESHA.
There is a stone staircase leading up here.
You climb upwards.
Found a dagger.
There is a stone staircase leading down here.
You see here a dagger.
l - a dagger It sticks to your hand!
l - a cursed -3 dagger (weapon)
Are you sure you want to abandon this character and quit the game? (Confirm with "yes".)

##+##
##...##
##.....##
##.......##
#....@....#
+.........+
#..>......#
##.......##
##.....##
##...##
##+##


There were no monsters in sight!

Vanquished Creatures
  A hobgoblin (D:3)
  A kobold (D:2)
  A frilled lizard (D:3)
  2 rats (D:3)
5 creatures vanquished.

Notes
Turn   | Place    | Note
-------+----------+-------------------------------------------
     0 | D:5      | Colgate the Spriggan Delver began the quest for the Orb.
     0 | D:5      | Reached XP level 1. HP: 11/11 MP: 2/2
     8 | Temple   | Entered the Ecumenical Temple
   269 | Temple   | Became a worshipper of the Wu Jian Council
   405 | D:4      | Found a shadowy altar of Dithmenos.
   405 | D:4      | Found an opulent altar of Gozag.
   407 | D:4      | Found a glowing golden altar of the Shining One.
   411 | D:4      | Found a shimmering altar of Xom.
   637 | D:1      | Quit the game

Illustrated notes

Levels and vault maps discovered:
D:1:      heliophobic_arrival_henge, layout_loops_corners,
          chequers_decorated_corner, minivault_5, minmay_small_reverse_x
D:2:      layout_loops_ring, nicolae_ru_awakened_eye, lemuel_round_altar
D:3:      layout_loops_ring
D:4:      layout_loops_cross, gammafunk_temple_overflow_forgotten,
          xom_teletrap_fun, chequers_garden, minivault_26
D:5:      layout_loops_ring, dancing_weapons_uskayaw, okawaru_metal_pillars_1_2,
          lemuel_crystal_altar, minmay_temple_entry_sparse_star,
          due_unseen_surprise
Temple:   compressed_dpeg_triangle_lava_temple

Action                   || total
-------------------------++-------
Melee: Short sword       ||    18
Invok: Lunge             ||     6
 Stab: Sleeping          ||     1
Armor: Robe              ||     1
Dodge: Dodged            ||    12

Table legend: (Time is in decaauts)
 A = Elapsed time spent in this place.
 B = Non-inter-level travel time spent in this place.
 C = Inter-level travel time spent in this place.
 D = Time resting spent in this place.
 E = Time spent auto-exploring this place.
 F = Levels seen in this place.
 G = Mean time per level.
                   A        B        C        D        E       F      G
               +--------+--------+--------+--------+--------+-----+--------+
         Total |    413 |    401 |     12 |      0 |    265 |   6 |   68.8 |
       Dungeon |    251 |    250 |      1 |      0 |    129 |   5 |   50.2 |
        Temple |    162 |    152 |     10 |      0 |    135 |   1 |  162.0 |
               +--------+--------+--------+--------+--------+-----+--------+

Top non-repeatable levels by time:
  Temple: 162 daAuts
     D:2: 74 daAuts
     D:3: 70 daAuts
     D:4: 65 daAuts
     D:5: 37 daAuts
     D:1: 3 daAuts
